 Dungeon Crawl Stone Soup version 0.25-a0-1113-g0499d652a8 (webtiles) character file.

Game seed: 6055700946439636179, levelgen mode: deterministic

219 vurker the Sneak (level 5, -2/28 HPs)
             Began as a Vine Stalker Assassin on May 16, 2020.
             Killed by divine providence
             ... invoked by an orc priest
              (6 damage)
             ... on level 4 of the Dungeon.
             The game lasted 00:04:44 (2959 turns).

vurker the Sneak (Vine Stalker Assassin)            Turns: 2959, Time: 00:04:45

Health: -2/28      AC:  7    Str: 14    XL:     5   Next: 96%
Magic:  0/6        EV:  9    Int: 11    God:
Gold:   186        SH:  0    Dex: 16    Spells: 4/4 levels left

rFire    . . .     SeeInvis .   r - +2 short sword (venom)
rCold    . . .     Gourm    .   (no shield)
rNeg     . . .     Faith    .   t - +0 scale mail
rPois    .         Spirit   +   (no helmet)
rElec    .         Reflect  .   c - +0 cloak
rCorr    .         Harm     .   (no gloves)
MR       .....                  (no boots)
Stlth    ++........             (no amulet)
HPRegen  0.49/turn              (no ring)
MPRegen  0.10/turn              (no ring)

@: no status effects
A: fangs 2, regeneration 1, magic shield, antimagic bite, no potion heal 3, rot
immunity
a: no special abilities


You were on level 4 of the Dungeon.
You were not hungry.

You visited 1 branch of the dungeon, and saw 4 of its levels.

You collected 186 gold pieces.

Inventory:

Hand Weapons
 r - a +2 short sword of venom (weapon)
   (You took it off a kobold on level 3 of the Dungeon)
Missiles
 d - 25 poisoned darts (quivered)
 f - 2 curare-tipped darts
Armour
 c - a +0 cloak (worn)
 k - a scarf of invisibility
   (You found it on level 1 of the Dungeon)
 l - a +0 plate armour
   (You found it on level 3 of the Dungeon)
 t - a +0 scale mail (worn)
   (You found it on level 4 of the Dungeon)
Scrolls
 m - a scroll of fog
 n - a scroll of immolation {unknown}
 p - a scroll of blinking {unknown}
 q - a scroll of identify
 u - a scroll of teleportation {unknown}
 v - a scroll of enchant armour {unknown}
Potions
 a - a potion of ambrosia {unknown}
 b - a potion of resistance
 h - 3 potions of flight
 j - a potion of cancellation
 o - a potion of berserk rage {unknown}
 s - a potion of degeneration {unknown}
Comestibles
 e - 6 rations


   Skills:
 + Level 3.3 Fighting
 * Level 4.5 Short Blades
 - Level 1.7 Throwing
 - Level 0.7 Dodging
 - Level 4.8 Stealth


You had 4 spell levels left.
You didn't know any spells.
Your spell library was empty.

Dungeon Overview and Level Annotations

Branches:
Dungeon (4/15)
 Temple: D:4-7

Altars:
Ashenzari
Hepliaklqana
Trog
Wu Jian


Innate Abilities, Weirdness & Mutations

You have extremely sharp teeth.
Your natural rate of healing is unusually fast.
When hurt, damage is shared between your health and your magic reserves.
Your bite disrupts and absorbs the magic of your enemies.
Potions cannot restore your health.
You are immune to rotting.


Message History

You butcher the hound corpse.
g - a chunk of flesh You see here a hound skeleton. x2
q - a scroll of identify You see here a scale mail.
t - a scale mail You start removing your armour.
You continue taking off your +0 ring mail. x4
You finish taking off your +0 ring mail.
You start putting on your armour.
You continue putting on your scale mail. x5
You finish putting on your +0 scale mail.
Drop what? 22/52 slots (_ for help) (? for menu, Esc to quit)
You drop a +0 ring mail.
Eating a chunk of flesh.
You eat the chunk of flesh.
Found 5 gold pieces.
You now have 186 gold pieces (gained 5).
Found a ring mail.
An orc priest comes into view. It is wielding a -3 hand axe.
The orc priest shouts!
You hear a shout! x2
An orc comes into view. It is wielding a +0 flail.
The orc shouts!
The orc priest looks braver for a moment.
You see here a ring mail.
You barely miss the orc priest.
The orc priest invokes the aid of Beogh against you.
You struggle to resist.
An orc priest comes into view. It is wielding a +0 hand axe.
The orc priest shouts!
You hit the orc priest.
The orc priest is poisoned.
You hit the orc. Your bite misses the orc. You closely miss the orc.
You bite the orc, but do no damage. The orc closely misses you.
The orc priest hits you but does no damage.
You hit the orc.
You kill the orc!
The orc priest invokes the aid of Beogh against you.
You struggle to resist.
You hit the orc priest.
You bite the orc priest, but do no damage.
The orc priest mumbles some strange prayers to Beogh against you.
Beogh smites you!
The orc priest mumbles some strange prayers to Beogh against you.
Pain shoots through your body!
* * * LOW HITPOINT WARNING * * *
You hit the orc priest.
You kill the orc priest!
The orc priest mumbles some strange prayers to Beogh against you.
Beogh smites you!
You die...

.#. ..
#.####
#....#
#....#
#..o.#
#.)).#
#..@.#
#..[.#
#....#
#....#
#....#
#....#
#....#
####.#
#######.####


You could see an orc priest.

Vanquished Creatures
  A bullfrog zombie (D:3)
  A hound (D:4)
  An orc priest (D:4)
  3 adders
  A worm (D:2)
  3 dart slugs
  2 leopard geckos (D:3)
  2 orcs
  5 giant cockroaches
  11 hobgoblins
  6 jackals
  2 quokkas
  2 ball pythons
  10 bats
  7 frilled lizards
  7 goblins
  9 kobolds
  14 rats
87 creatures vanquished.

Notes
Turn   | Place    | Note
-------+----------+-------------------------------------------
     0 | D:1      | vurker the Vine Stalker Assassin began the quest for the
                  | Orb.
     0 | D:1      | Reached XP level 1. HP: 11/11 MP: 2/2
   143 | D:1      | Reached XP level 2. HP: 9/15 MP: 3/3
   540 | D:1      | Reached XP level 3. HP: 14/18 MP: 4/4
  1705 | D:2      | Found an ornate altar of the Wu Jian Council.
  1828 | D:2      | Gained mutation: Your natural rate of healing is unusually
                  | fast. [Vine Stalker growth]
  1828 | D:2      | Reached XP level 4. HP: 23/23 MP: 5/5
  1924 | D:2      | Found a bloodstained altar of Trog.
  2163 | D:3      | Found a hazy altar of Hepliaklqana.
  2168 | D:3      | Found a shattered altar of Ashenzari.
  2203 | D:3      | Reached XP level 5. HP: 20/28 MP: 6/6
  2959 | D:4      | Killed from afar by an orc priest

Illustrated notes

Levels and vault maps discovered:
D:1:      minmay_arrival_plants_in_alcoves, layout_basic, chequers_jeans
D:2:      layout_basic, lemuel_doored_altar, first_ration,
          trog_three_pillars_becter
D:3:      layout_basic, grunt_temple_overflow_open, serial_glass,
          glass_columns_a, glass_columns_b
D:4:      layout_basic, minmay_temple_entry_mini_moons, uniq_crazy_yiuf_cottage

Skill      XL: |  1  2  3  4  5 |
---------------+----------------+-----
Short Blades   | 2 3 4 |  4.5
Fighting       | 2 3 |  3.3
Throwing       | |  1.7
Dodging        | |  0.7
Stealth        | |  4.8

Action                   |  1- 3 |  4- 6 || total
-------------------------+-------+-------++-------
Melee: Dagger            |   137 |    97 ||   234
       Bite              |    33 |    31 ||    64
       Short sword       |       |    18 ||    18
Throw: Dart              |     1 |       ||     1
  Use: Scroll            |     3 |     4 ||     7
 Stab: Sleeping          |     7 |     5 ||    12
       Distracted        |     1 |       ||     1
  Eat: Chunk             |     3 |     4 ||     7
Armor: Robe              |     9 |       ||     9
       Ring mail         |    24 |    34 ||    58
       Scale mail        |       |     1 ||     1
Dodge: Dodged            |    73 |    47 ||   120

Table legend:
 A = Non-vault XP
 B = Vault XP
 C = Vault XP percentage of total XP
 D = Non-vault monster count
 E = Vault monster count
 F = Vault count percentage of total count
                 A         B        C        D         E       F
            +---------+---------+-------+---------+---------+-------
      Total |     314 |       0 |   0.0 |      87 |       0 |   0.0
            +---------+---------+-------+---------+---------+-------
        D:1 |      50 |       0 |   0.0 |      32 |       0 |   0.0
        D:2 |      69 |       0 |   0.0 |      31 |       0 |   0.0
        D:3 |     108 |       0 |   0.0 |      21 |       0 |   0.0
        D:4 |      87 |       0 |   0.0 |       3 |       0 |   0.0
            +---------+---------+-------+---------+---------+-------
